 Dungeon Crawl Stone Soup version 0.31.0-11-ge490571c62 (webtiles) character file.

Game seed: 9617945347145761454

149 Goblin1989 the Trooper (level 5, 0/45 HPs)
             Began as a Demonspawn Delver on Feb 10, 2024.
             Slain by a gnoll
             ... wielding a +0 spear
              (6 damage)
             ... on level 3 of the Dungeon.
             The game lasted 00:07:45 (2287 turns).

Goblin1989 the Trooper (Demonspawn Delver)          Turns: 2287, Time: 00:07:46

Health: 0/45       AC:  6    Str: 12    XL:     5   Next: 9%
Magic:  5/5        EV: 11    Int: 10    God:
Gold:   120        SH:  4    Dex: 17    Spells: 4/4 levels left

rFire   . . .        a - +0 short sword
rCold   . . .        w - +0 buckler
rNeg    . . .        b - +0 leather armour
rPois   .            n - +0 helmet
rElec   .            (no cloak)
rCorr   .            (no gloves)
SInv    +            (no boots)
Will    .....        (no amulet)
Stlth   +++          p - ring of see invisible
HPRegen 0.27/turn    (no ring)
MPRegen 0.09/turn

%: no passive effects
@: no status effects
A: slimy green scales 1, powered by death 1, weakness stinger 1
a: no special abilities


You were on level 3 of the Dungeon.
You visited 1 branch of the dungeon, and saw 5 of its levels.

You collected 120 gold pieces.

Inventory:

Hand Weapons
 a - a +0 short sword (weapon)
Missiles
 j - 5 boomerangs (quivered) {@Q3}
 o - 40 stones
 t - 4 curare-tipped darts
Armour
 b - a +0 leather armour (worn)
 n - a +0 helmet (worn)
 s - a +0 ring mail
 w - a +0 buckler (worn)
Jewellery
 p - a ring of see invisible (left hand)
Wands
 g - a wand of digging (2) {@v3}
 v - a wand of flame (18) {@v1}
Scrolls
 c - a scroll of fog
 d - a scroll of revelation
 e - 2 scrolls of fear
 i - 5 scrolls of identify {unknown}
 k - a scroll of enchant weapon {unknown}
 m - 2 scrolls of enchant armour {unknown}
 r - 3 scrolls of teleportation {unknown}
 u - 3 scrolls of acquirement {unknown}
Potions
 f - 3 potions of haste {@q3,}
 h - 2 potions of might {unknown}
 l - 3 potions of curing {unknown}
 q - a potion of ambrosia {unknown}
 x - a potion of brilliance {unknown}


   Skills:
 * Level 5.6 Fighting
 - Level 1.7 Short Blades
 - Level 1.7 Dodging
 - Level 4.5 Stealth
 + Level 1.0 Shields


You had 4 spell levels left.
You didn't know any spells.
Your spell library contained the following spells:

 Spells                   Type           Power      Damage    Failure   Level
 Sandblast                Erth           0%         2d4       56%         1
 Passwall                 Erth           0%         N/A       91%         3
 Stone Arrow              Conj/Erth      0%         3d7       91%         3
 Brom's Barrelling Bould  Conj/Erth      0%         2d3       100%        4


Dungeon Overview and Level Annotations

Branches:
Dungeon (5/15) Zot: 25082
 Temple: D:4-7

Altars:


Innate Abilities, Weirdness & Mutations

You are partially covered in slimy green scales. (AC +2)
You regenerate a little health from kills.
You have a small tail.


Message History

You hit the rat.
You kill the rat!
No target in view!
No target in view!
No target in view!
No target in view!
No target in view!
No target in view!
No target in view!
No target in view!
No target in view!
No target in view!
No target in view!
No target in view!
No target in view!
No target in view!
No target in view!
No target in view!
No target in view!
No target in view!
No target in view!
A rat comes into view.
A rat is nearby!
A rat is nearby!
A rat is nearby!
An adder comes into view.
Found a grey potion and a dagger.
The adder moves out of view.
You strike the helpless rat from behind!
You puncture the rat!
You kill the rat!
The adder hisses angrily.
A kobold comes into view. It is wielding a +0 short sword.
The adder misses you.
You miss the adder. The adder barely misses you.
You hit the adder. You tail-slap the adder.
The adder is almost dead.
You block the adder's attack. The adder barely misses you.
You hit the adder but do no damage.
The adder is almost dead.
You block the adder's attack.
You miss the adder.
The adder is almost dead.
The adder barely misses you.
You miss the adder.
The adder is almost dead.
The adder closely misses you.
You hit the adder but do no damage.
The adder is almost dead.
The adder bites you but does no damage. The adder completely misses you.
You hit the adder but do no damage.
The adder is almost dead.
The adder closely misses you. The kobold hits you but does no damage.
You hit the adder but do no damage.
The adder is almost dead.
The adder bites you. You block the kobold's attack.
You take 3 damage, and have 41/44 hp.
You closely miss the adder.
The adder is almost dead.
The adder bites you but does no damage. The kobold barely misses you.
You hit the adder.
You kill the adder!
The kobold closely misses you.
You hit the kobold.
You kill the kobold!
A gnoll comes into view. It is wielding a +0 whip.
A gnoll comes into view.
It is wielding a +0 halberd and quivering a throwing net.
You see here an adder corpse.
Health restored: 45 A gnoll comes into view.
It is wielding a +1 long sword of holy wrath.
A gnoll comes into view. It is wielding a +0 spear.
The gnoll shouts! x2
You block the gnoll's attack.
You barely miss the gnoll. The gnoll misses you.
You hit the gnoll.
The gnoll is lightly wounded.
The gnoll hits you with a +1 long sword of holy wrath.
You convulse.
The gnoll hits you from afar with a +0 spear.
You take 7 damage, and have 38/45 hp.
You closely miss the gnoll.
You tail-slap the gnoll, but do no damage.
The gnoll is lightly wounded.
The gnoll hits you with a +1 long sword of holy wrath.
You convulse.
The gnoll closely misses you.
You take 7 damage, and have 31/45 hp.
You closely miss the gnoll.
The gnoll is lightly wounded.
The gnoll closely misses you. You block the gnoll's attack.
The gnoll barely misses you. The gnoll hits you with a +0 halberd.
You take 2 damage, and have 29/45 hp.
You hit the gnoll.
The gnoll is moderately wounded.
The gnoll hits you with a +0 halberd.
The gnoll hits you with a +1 long sword of holy wrath!
* * * LOW HITPOINT WARNING * * *
You convulse!
* * * LOW HITPOINT WARNING * * *
You block the gnoll's attack.
The gnoll hits you from afar with a +0 spear.
You die...

........██...█ .........█..█
... ............██
..........█ .............███
█.........█
.........)█....████..).!....█
..........†██..█...█........█
........██..█......█........█
........███.██.█g..█........█
█..██..████...g.@....)......█
...............gg...†..†....█
.█████..███....█...█........█
.█ ██.███........█.██.█████
██ █........█.........█
█████....█†........█
█....████......█ █....█
█.....!█


██████ ████████ You could see 4 gnolls.

Vanquished Creatures
  Robin (D:3)
  5 adders
  3 dart slugs (D:1)
  3 orcs (D:3)
  3 ball pythons
  9 endoplasms
  2 giant cockroaches (D:1)
  16 goblins
  7 hobgoblins
  4 jackals (D:1)
  7 kobolds
  A quokka (D:1)
  5 bats
  4 frilled lizards
  9 rats
79 creatures vanquished.

Notes
Turn   | Place    | Note
-------+----------+-------------------------------------------
     0 | D:5      | Goblin1989 the Demonspawn Delver began the quest for the
                  | Orb.
     0 | D:5      | Reached XP level 1. HP: 18/18 MP: 1/1
   369 | D:1      | Gained mutation: You have a small tail. [demonic ancestry]
   369 | D:1      | Reached XP level 2. HP: 21/24 MP: 2/2
   590 | D:1      | Reached skill level 4 in Fighting
   773 | D:1      | Gained mutation: You regenerate a little health from kills.
                  | [demonic ancestry]
   773 | D:1      | Reached XP level 3. HP: 18/30 MP: 3/3
   945 | D:1      | Found a faded altar of an unknown god.
  1533 | D:2      | Reached skill level 5 in Fighting
  1533 | D:2      | Gained mutation: You are partially covered in slimy green
                  | scales. (AC +2) [demonic ancestry]
  1533 | D:2      | Reached XP level 4. HP: 23/39 MP: 4/4
  2098 | D:3      | Noticed Robin
  2113 | D:3      | Killed Robin
  2227 | D:3      | Reached skill level 1 in Shields
  2227 | D:3      | Reached XP level 5. HP: 44/44 MP: 5/5
  2287 | D:3      | Slain by a gnoll

Illustrated notes

Levels and vault maps discovered:
D:1:      psy_arrival_statuary, layout_basic, ebering_ecumenical_altar_rust,
          serial_glass, glass_columns_b, glass_columns_a, due_unseen_surprise
D:2:      layout_basic
D:3:      layout_rooms, uniq_robin
D:4:      layout_basic, nemelex_dance_club_becter
D:5:      layout_loops_ring, bloody_makhleb

Skill      XL: |  1  2  3  4 |
---------------+-------------+-----
Fighting       | 4 5 |  5.6
Shields        | 1 |  1.0
Short Blades   | |  1.7
Dodging        | |  1.7
Stealth        | |  4.5

Action                     |  1- 3 |  4- 6 || total
---------------------------+-------+-------++-------
  Melee: Short sword       |   154 |   125 ||   279
         Tailslap          |    10 |    19 ||    29
         Punch             |     1 |       ||     1
  Evoke: Wand              |     1 |       ||     1
   Stab: Sleeping          |     4 |     4 ||     8
         Distracted        |       |     1 ||     1
 Armour: Leather armour    |    95 |    73 ||   168
  Dodge: Dodged            |    86 |    79 ||   165
  Block: Buckler           |       |    25 ||    25
